 Dungeon Crawl Stone Soup version 0.20-a0-739-g6bb112f (webtiles) character file.

211 Gorglomux the Cleaver (level 5, -6/45 HPs)
             Began as a Hill Orc Monk on Feb 25, 2017.
             Mangled by an ogre
             ... wielding a +0 giant club
              (12 damage)
             ... on level 4 of the Dungeon.
             The game lasted 00:04:40 (2761 turns).

Gorglomux the Cleaver (Hill Orc Monk)               Turns: 2761, Time: 00:04:41

Health: -6/45      AC:  8    Str: 15    XL:     5   Next: 88%
Magic:  0/5        EV:  7    Int: 10    God:
Gold:   210        SH:  0    Dex: 13    Spells: 4/4 levels left

rFire    . . .     SeeInvis .   a - +0 hand axe
rCold    . . .     Gourm    .   f - +0 chain mail
rNeg     . . .     Faith    .   (no shield)
rPois    .         Spirit   +   (no helmet)
rElec    .         Reflect  .   (no cloak)
rCorr    .         Harm     .   (no gloves)
MR       .....                  (no boots)
Stlth    ..........             C - amulet of guardian spirit
Regen    0.2/turn               (no ring)
MPRegen  0.1/turn               (no ring)

@: no status effects
A: no striking features
a: no special abilities


You were on level 4 of the Dungeon.
You were not hungry.

You visited 1 branch of the dungeon, and saw 4 of its levels.

You collected 210 gold pieces.

Inventory:

Hand Weapons
 a - a +0 hand axe (weapon)
Armour
 b - a +0 robe
 f - a +0 chain mail (worn)
 t - a -1 ring mail
Jewellery
 C - an amulet of guardian spirit (around neck)
Scrolls
 e - a scroll of random uselessness {unknown}
 g - a scroll of teleportation {unknown}
 p - 2 scrolls of amnesia {unknown}
 r - 3 scrolls of identify {unknown}
 v - a scroll of fear {unknown}
 w - a scroll of enchant weapon {unknown}
 y - a scroll of enchant armour {unknown}
 z - a scroll of recharging {unknown}
 B - 2 scrolls of remove curse
Potions
 i - 2 potions of resistance {unknown}
 j - a potion of mutation {unknown}
 l - 2 potions of flight {unknown}
 m - a potion of agility {unknown}
 o - a potion of heal wounds {unknown}
 u - a potion of curing {unknown}
 x - a potion of cancellation {unknown}
 A - a potion of degeneration {unknown}
 D - a potion of brilliance {unknown}
Comestibles
 c - 2 bread rations
 k - 3 meat rations
 n - a royal jelly
 s - 2 fruits
 E - 13 chunks of flesh


   Skills:
 - Level 3.6 Fighting
 + Level 8.4 Axes
 - Level 2.4 Dodging
 - Level 1.5 Stealth


You had 4 spell levels left.
You didn't know any spells.

Dungeon Overview and Level Annotations

Branches:
Dungeon (4/15)
 Temple: D:4-7

Altars:
Fedhas
Yredelemnul


Message History

The ogre barely misses you.
Your chain mail prevents you from hitting the ogre.
The ogre is moderately wounded.
Your chain mail prevents you from hitting the ogre.
The ogre is moderately wounded.
The ogre hits you with a giant club!
You hit the ogre but do no damage.
The ogre is moderately wounded.
You completely miss the ogre.
The ogre is moderately wounded.
The ogre hits you with a giant club!
You barely miss the ogre.
The ogre is moderately wounded.
The ogre barely misses you.
You hit the ogre.
The ogre is moderately wounded.
The ogre hits you with a giant club!!
* * * LOW HITPOINT WARNING * * *
The ogre hits you with a giant club!
You die...

.#####.#######.# #.#
.......#######.# #.#
##...###.....#.# #.#
.........###.#.# #.#
##...#<#####.#.# #.#
##.##.........# #.#
#.##..##.....## ##.#
###.##..#.......###
#..#
#...............@.#
#.##
........#......O#.# #.#
#.##....##.....##.# #.#
#.###...###...###.###)#
รท.......#
##.###...##[###########
#.###...#
#.###.#...............
#.# #...#
#...........##########
#.#
#...#######..####..#
..# #......# ##.# #..#


You could see an ogre.

Vanquished Creatures
  A crimson imp (D:3)
  A hound (D:4)
  6 adders
  An ooze (D:3)
  2 dart slugs (D:1)
  2 leopard geckos
  5 orcs (D:4)
  A ball python (D:1)
  5 giant cockroaches
  9 goblins
  10 hobgoblins
  3 jackals (D:2)
  3 quokkas
  11 bats
  9 frilled lizards
  6 kobolds
  A leopard gecko skeleton (D:4)
  A quokka skeleton (D:4)
  2 rats
79 creatures vanquished.

Notes
Turn   | Place    | Note
-------+----------+-------------------------------------------
     0 | D:1      | Gorglomux the Hill Orc Monk began the quest for the Orb.
     0 | D:1      | Reached XP level 1. HP: 19/19 MP: 1/1
   136 | D:1      | Reached XP level 2. HP: 26/26 MP: 2/2
   259 | D:1      | Reached skill level 5 in Axes
   491 | D:2      | Reached XP level 3. HP: 22/31 MP: 3/3
  1060 | D:2      | Reached skill level 6 in Axes
  1327 | D:3      | Reached XP level 4. HP: 39/39 MP: 4/4
  1418 | D:3      | Reached skill level 7 in Axes
  1579 | D:3      | Reached XP level 5. HP: 45/45 MP: 5/5
  2108 | D:4      | Reached skill level 8 in Axes
  2149 | D:4      | Found a basalt altar of Yredelemnul.
  2496 | D:4      | Found a blossoming altar of Fedhas.
  2687 | D:4      | Noticed an ogre
  2761 | D:4      | Mangled by an ogre

Vault maps used:
D:1:      minmay_arrival_hallway, hangedman_decor_lopped
D:3:      kennysheep_doodads
D:4:      nicolae_overflow_hidden_temple, nicolae_overflow_crystal_walls

Skill      XL: |  1  2  3  4  5 |
---------------+----------------+-----
Axes           | 5 6 7 8 |  8.4
Fighting       | |  3.6
Dodging        | |  2.4
Stealth        | |  1.5

Action                   |  1- 3 |  4- 6 || total
-------------------------+-------+-------++-------
Melee: Hand axe          |   141 |   197 ||   338
  Use: Scroll            |     1 |       ||     1
  Eat: Chunk             |     1 |     5 ||     6
Armor: Chain mail        |    72 |   107 ||   179
Dodge: Dodged            |    48 |    68 ||   116
